 Dungeon Crawl Stone Soup version 0.23-a0-488-g5fd82c5 (webtiles) character file.

42 Espgualade the Skirmisher (level 3, 0/23 HPs)
             Began as a Tengu Ice Elementalist on Dec 1, 2018.
             Slain by a leopard gecko (5 damage)
             ... on level 2 of the Dungeon.
             The game lasted 00:03:11 (1127 turns).

Espgualade the Skirmisher (Tengu Ice Elementalist)  Turns: 1127, Time: 00:03:12

Health: 0/23       AC:  2    Str:  8    XL:     3   Next: 54%
Magic:  0/7        EV:  9    Int: 16    God:
Gold:   21         SH:  0    Dex: 14    Spells: 3/6 levels left

rFire    . . .     SeeInvis .   f - +0 dagger
rCold    . . .     Gourm    .   (no shield)
rNeg     . . .     Faith    .   a - +0 robe
rPois    .         Spirit   .   (helmet restricted)
rElec    .         Reflect  .   (no cloak)
rCorr    .         Harm     .   (no gloves)
MR       .....                  (boots unavailable)
Stlth    ++........             (no amulet)
HPRegen  0.07/turn              (no ring)
MPRegen  0.10/turn              (no ring)

@: constricted
A: beak, talons 3
a: no special abilities


You were on level 2 of the Dungeon.
You were not hungry.

You visited 1 branch of the dungeon, and saw 2 of its levels.

You collected 21 gold pieces.

Inventory:

Hand Weapons
 f - a +0 dagger (weapon)
Armour
 a - a +0 robe (worn)
Scrolls
 d - a scroll of fog {unknown}
 j - 3 scrolls of identify {unknown}
 k - a scroll of immolation {unknown}
Potions
 b - a potion of agility {unknown}
 e - a potion of brilliance
 g - 3 potions of curing {unknown}
 h - a potion of degeneration {unknown}
 i - a potion of invisibility {unknown}
 l - a potion of lignification {unknown}
Comestibles
 c - 5 rations


   Skills:
 + Level 3.1 Fighting
 - Level 2.1 Dodging
 - Level 2.0 Stealth
 - Level 2.0 Spellcasting
 - Level 1.3 Conjurations
 - Level 2.6 Ice Magic


You had 3 spell levels left.
You knew the following spells:

 Your Spells              Type           Power        Failure   Level  Hunger
a - Freeze                Ice            ##..         7%          1    #......
b - Throw Frost           Conj/Ice       #.....       14%         2    ###....

Your spell library contained the following spells:

 Spells                   Type           Power        Failure   Level  Hunger
 Ozocubu's Armour         Chrm/Ice       #.......     34%         3    ###....
 Throw Icicle             Conj/Ice       #.......     65%         4    #####..
 Summon Ice Beast         Ice/Summ       #.......     75%         4    #####..


Dungeon Overview and Level Annotations

Branches:
Dungeon (2/15)

Altars:


Innate Abilities, Weirdness & Mutations

You have a beak for a mouth.
You have claws for feet.


Message History

Aim: a rat You freeze the rat.
You kill the rat!
The ball python bites you. The ball python constricts you.
Casting: Freeze (safe; 7% risk of failure)
Confirm with . or Enter, or press ? or * to list all spells.
You don't have enough magic to cast that spell.
Unknown command.
You closely miss the ball python. The ball python bites you.
* * * LOW HITPOINT WARNING * * *
The ball python constricts you.
You closely miss the ball python.
The ball python bites you but does no damage.
The ball python constricts you.
The leopard gecko bites you but does no damage.
You barely miss the ball python.
The ball python bites you but does no damage.
* * * LOW HITPOINT WARNING * * *
The ball python constricts you. The leopard gecko bites you.
You die...

#######....#..
.......<.......
#########.##...
#......#.##.##
.#......# ...##
........# ##...
#......####...########
#.............†.)....#
#....(.# #l@.....#
##......#######.S?....#
..........†...........#
##......########......#
######## #......#
#......# ########


You could see a leopard gecko and a ball python.

Vanquished Creatures
  A worm (D:2)
  2 dart slugs
  A leopard gecko (D:2)
  A giant cockroach (D:1)
  5 goblins
  5 hobgoblins
  4 jackals (D:1)
  5 kobolds
  2 bats
  3 frilled lizards
  2 rats
31 creatures vanquished.

Notes
Turn   | Place    | Note
-------+----------+-------------------------------------------
     0 | D:1      | Espgualade the Tengu Ice Elementalist began the quest for
                  | the Orb.
     0 | D:1      | Reached XP level 1. HP: 10/10 MP: 4/4
    70 | D:1      | Reached skill level 1 in Fighting
    93 | D:1      | Reached XP level 2. HP: 13/16 MP: 1/6
   333 | D:1      | Reached skill level 2 in Fighting
   699 | D:1      | Learned a level 2 spell: Throw Frost
   921 | D:2      | Reached XP level 3. HP: 18/22 MP: 7/7
  1086 | D:2      | Reached skill level 3 in Fighting
  1127 | D:2      | Slain by a leopard gecko

Vault maps used:
D:1:      dpeg_arrival_brainrot, serial_bayou_pond_a, minmay_stone_trees_small
D:2:      lemuel_statue_altar

Skill      XL: |  1  2  3 |
---------------+----------+-----
Fighting       | 1 2 3 |  3.1
Dodging        | |  2.1
Stealth        | |  2.0
Spellcasting   | |  2.0
Conjurations   | |  1.3
Ice Magic      | |  2.6

Action                   || total
-------------------------++-------
Melee: Unarmed           ||     8
       Kick              ||    19
       Peck              ||     7
       Dagger            ||    67
 Cast: Freeze            ||    20
       Throw Frost       ||     1
  Use: Scroll            ||     1
       Potion            ||     1
 Stab: Sleeping          ||     4
  Eat: Ration            ||     1
Armor: Robe              ||    11
Dodge: Dodged            ||    48

Table legend:
 A = Non-vault XP
 B = Vault XP
 C = Vault XP percentage of total XP
 D = Non-vault monster count
 E = Vault monster count
 F = Vault count percentage of total count
                 A         B        C        D         E       F
            +---------+---------+-------+---------+---------+-------
      Total |      58 |       2 |   3.3 |      30 |       1 |   3.2
            +---------+---------+-------+---------+---------+-------
        D:1 |      29 |       2 |   6.5 |      17 |       1 |   5.6
        D:2 |      29 |       0 |   0.0 |      13 |       0 |   0.0
            +---------+---------+-------+---------+---------+-------
